 Dungeon Crawl Stone Soup version 0.15-a0-86-gda4a099 (webtiles) character file.

1484 4tharraofdagon the Chopper (level 8, 0/65 HPs)
             Began as a Demonspawn Berserker on Apr 7, 2014.
             Was a Priest of Trog.
             Slain by a yak (8 damage)
             ... on Level 11 of the Dungeon.
             The game lasted 00:14:16 (1798 turns).

4tharraofdagon the Chopper (Demonspawn Berserker)   Turns: 1798, Time: 00:14:17

HP   0/65        AC  5     Str 20      XL: 8   Next: 39%
MP   0/12        EV  8     Int 11      God: Trog [***...]
Gold 103         SH  0     Dex 12      Spells:  0 memorised,  7 levels left

rFire  . . .     SeeInvis .     u - +2,+1 war axe (curse)
rCold  . . .     Clarity  .     d - +0 ring mail (curse)
rNeg   . . .     Conserve .     (no shield)
rPois  .         rCorr    .     (no helmet)
rElec  .         rRot     .     (no cloak)
SustAb . .       Spirit   +     n - +0 pair of gloves
rMut   .         Warding  .     (no boots)
Saprov . . .     Rnd*Tele +     t - amulet of guardian spirit
MR     ++...                    C - cursed ring of teleportation
                                o - cursed -2 ring of evasion

@: regenerating, about to teleport, exhausted, slowed, very slow, very resistant
to hostile enchantments, extremely unstealthy
A: talons 1, rugged brown scales 1, clever 1, conserve scrolls, deformed body,
demonic guardian 1
a: Burn Spellbooks, Berserk, Trog's Hand, Renounce Religion, Evoke Teleportation


You were on level 11 of the Dungeon.
You worshipped Trog.
Trog was most pleased with you.
You were very hungry.

You visited 1 branch of the dungeon, and saw 11 of its levels.

You collected 194 gold pieces.
You spent 91 gold pieces at shops.

Inventory:

Hand weapons
 a - a +1,+0 hand axe
 u - a cursed +2,+1 war axe (weapon)
 x - a +0,+0 hand axe
Armour
 b - a +0 animal skin
 d - a cursed +0 ring mail (worn)
 i - a +0 pair of boots
 n - a +0 pair of gloves (worn)
 s - a +0 scale mail
 B - a +0 pair of boots
Magical devices
 p - a wand of slowing (7)
Comestibles
 l - a meat ration
 v - 3 bread rations
 w - a snozzcumber
 z - a rotting chunk of ogre flesh
 A - 2 rotting chunks of worker ant flesh
 D - a choko
 E - a pear
Scrolls
 c - 2 scrolls of remove curse {unknown}
 e - a scroll of teleportation
 g - 2 scrolls of noise {unknown}
 h - a scroll of enchant armour {unknown}
 m - 2 scrolls of identify {unknown}
 y - 4 scrolls of fear {unknown}
Jewellery
 o - a cursed -2 ring of evasion (left hand)
 t - an amulet of guardian spirit (around neck)
 C - a cursed ring of teleportation (right hand)
Potions
 f - a potion of curing
 j - a potion of berserk rage
 k - 3 potions of heal wounds
 q - a potion of confusion
 r - a potion of resistance


   Skills:
 + Level 5.7 Fighting
 * Level 6.9 Axes
 + Level 4.6 Armour
 - Level 1.7 Dodging
 + Level 3.6 Evocations


You had 7 spell levels left.
You didn't know any spells.

Dungeon Overview and Level Annotations

Branches:
Dungeon (11/15)
 Temple: D:4-7          Orc: D:9-12        Lair: D:8-11

Altars:
Ashenzari
Dithmenos
Elyvilon
Kikubaaqudgha
Okawaru
Sif Muna
Xom
Yredelemnul
The Shining One

Shops:
D:6 !

Annotations:
D:4 1 exclusion


Innate Abilities, Weirdness & Mutations

You have sharp toenails.
You are partially covered in rugged brown scales (AC +1, +3% HP).
You are very good at protecting items from fire.
A weak demonic guardian rushes to your aid.
Your mind is acute. (Int +2)
Armour fits poorly on your strangely shaped body.


Message History

* * * LOW HITPOINT WARNING * * *
Found an apple. 3 yaks come into view.
Unknown command.
Unknown command.
Unknown command.
Drink which item? (? for menu, Esc to quit)
You feel much better. The yak gores you. The yak gores you.
The yak gores you but does no damage.
Unknown command.
Read which item? (? for menu, Esc to quit)
Okay, then.
Read which item? (? for menu, Esc to quit)
As you read the scroll of teleportation, it crumbles to dust.
You feel strangely unstable. The yak gores you!
* * * LOW HITPOINT WARNING * * *
The yak gores you!
* * * LOW HITPOINT WARNING * * *
Your white imp hits the yak.
Your white imp freezes the yak.
The yak gores you!
You die...

#####
...##
5..
#Y#
#@#
#Y#


YY# #### You could see 4 yaks and a friendly white imp.

Vanquished Creatures
  A hill giant skeleton (D:9)
  An orc warrior (D:11)
  2 water moccasins
  A sky beast (D:9)
  2 ogres (D:9)
  A centaur (D:11)
  A gnoll sergeant (D:9)
  5 wights (D:8)
  A two-headed ogre zombie (D:9)
  An orc priest (D:4)
  3 hounds
  2 worker ants (D:9)
  An ogre skeleton (D:5)
  3 gnolls (D:9)
  3 adders
  A giant mite (D:4)
  3 worms (D:3)
  An iguana zombie (D:7)
  11 orcs
  4 goblins
  6 hobgoblins
  14 jackals
  2 quokkas
  4 bats
  A giant cockroach (D:3)
  3 giant newts
  A hobgoblin skeleton (D:5)
  7 kobolds
  6 rats
92 creatures vanquished.

Vanquished Creatures (collateral kills)
  An ogre (D:6)
  A worker ant (D:4)
2 creatures vanquished.

Vanquished Creatures (others)
  5 crimson imps
  8 quasits
  3 iron imps
  2 white imps
  3 ufetubi
21 creatures vanquished.

Grand Total: 115 creatures vanquished

Notes
Turn   | Place    | Note
--------------------------------------------------------------
     0 | D:1      | 4tharraofdagon, the Demonspawn Berserker, began the quest for the Orb.
     0 | D:1      | Reached XP level 1. HP: 18/18 MP: 1/1
    79 | D:2      | Gained mutation: You are partially covered in rugged brown scales (AC +1, +3% HP). [demonic ancestry]
    79 | D:2      | Reached XP level 2. HP: 16/24 MP: 2/2
    92 | D:2      | Found a shattered altar of Ashenzari.
   245 | D:3      | Found a glowing golden altar of the Shining One.
   298 | D:3      | Gained mutation: A weak demonic guardian rushes to your aid. [demonic ancestry]
   298 | D:3      | Reached XP level 3. HP: 14/29 MP: 3/3
   363 | D:3      | Acquired Trog's second power
   364 | D:3      | HP: 2/43 [worm (10)]
   421 | D:4      | Found a white marble altar of Elyvilon.
   423 | D:4      | Found a basalt altar of Yredelemnul.
   497 | D:4      | Found an ancient bone altar of Kikubaaqudgha.
   511 | D:4      | Gained mutation: You have sharp toenails. [demonic ancestry]
   511 | D:4      | Reached XP level 4. HP: 23/36 MP: 4/4
   539 | D:4      | Reached skill level 4 in Axes
   577 | D:3      | Found a shadowy altar of Dithmenos.
   615 | D:4      | Reached XP level 5. HP: 31/43 MP: 5/5
   642 | D:5      | Entered Level 5 of the Dungeon
   655 | D:5      | Noticed a water moccasin
   662 | D:5      | Killed a water moccasin
   771 | D:5      | Gained mutation: You are very good at protecting items from fire. [demonic ancestry]
   771 | D:5      | Reached XP level 6. HP: 26/49 MP: 6/6
   817 | D:4      | Found an iron altar of Okawaru.
   985 | D:6      | Reached skill level 5 in Axes
  1005 | D:6      | Found Grien's Distillery.
  1008 | D:6      | Bought 2 potions of heal wounds for 78 gold pieces
  1008 | D:6      | Bought a potion of confusion for 13 gold pieces
  1074 | D:6      | Found a deep blue altar of Sif Muna.
  1203 | D:8      | Reached skill level 1 in Evocations
  1213 | D:8      | Reached XP level 7. HP: 50/56 MP: 3/8
  1337 | D:9      | Reached skill level 5 in Fighting
  1454 | D:9      | Reached skill level 6 in Axes
  1466 | D:9      | Found a shimmering altar of Xom.
  1467 | D:9      | Gained mutation: Armour fits poorly on your strangely shaped body. [mutagenic meat]
  1469 | D:9      | Gained mutation: Your mind is acute. (Int +2) [mutagenic meat]
  1540 | D:9      | Reached XP level 8. HP: 63/63 MP: 7/11
  1707 | D:10     | Entered Level 10 of the Dungeon
  1798 | D:11     | Slain by a yak

Action                   |  1- 3 |  4- 6 |  7- 9 || total
-------------------------+-------+-------+-------++-------
Melee: Hand axe          |   102 |   124 |       ||   226
       War axe           |       |       |    85 ||    85
Invok: Berserk           |     3 |     3 |     4 ||    10
       Trog's Hand       |     1 |     1 |     5 ||     7
Evoke: Wand              |       |     1 |     1 ||     2
  Use: Potion            |     1 |       |     7 ||     8
       Scroll            |       |     2 |     1 ||     3
